 Dungeon Crawl Stone Soup version 0.31.0-9-g3a7656b989 (webtiles) character file.

Game seed: 11098900176363150329

1911 qw the Nimble (level 8, -1/40 HPs)
             Began as a Spriggan Hunter on Feb 2, 2024.
             Killed from afar by an electric eel (13 damage)
             ... with a bolt of electricity
             ... on level 8 of the Dungeon.
             The game lasted 00:00:28 (5597 turns).

qw the Nimble (Spriggan Hunter)                     Turns: 5597, Time: 00:00:29

Health: -1/40      AC:  4    Str: 10    XL:     8   Next: 95%
Magic:  0/0        EV: 29    Int: 10    God:
Gold:   386        SH:  0    Dex: 28    Spells: 7/7 levels left

rFire   + . .        h - +2 shortbow (heavy)
rCold   . . .        (shield currently unavailable)
rNeg    . . .        e - +2 robe {rF+}
rPois   .            c - +0 hat "Buhaopru" {Regen+ MP-9 Str+3 Dex+7}
rElec   .            (no cloak)
rCorr   .            (gloves unavailable)
SInv    +            (boots unavailable)
Will    +....        (no amulet)
Stlth   +++          (no ring)
HPRegen 1.06/turn    (no ring)
MPRegen 0.07/turn

%: no passive effects
@: very quick
A: very small, no large weapons, unfitting armour, see invisible, speed 3
a: no special abilities


You were on level 8 of the Dungeon.
You visited 2 branches of the dungeon, and saw 9 of its levels.

You collected 458 gold pieces.
You spent 72 gold pieces at shops.


Innate Abilities, Weirdness & Mutations

You are very small and have problems with some larger weapons.
You are too small for most types of armour.
You have supernaturally acute eyesight. (SInv)
You cover ground extremely quickly. (Speed+++)


   Skills:
 - Level 3.2 Fighting
 - Level 9.1 Ranged Weapons
 + Level 10.2 Dodging
 - Level 1.5 Stealth


You had 7 spell levels left.
You didn't know any spells.
Your spell library was empty.

Inventory:

Hand Weapons
 h - a +2 heavy shortbow (weapon)
Armour
 c - the +0 hat "Buhaopru" (worn) {Regen+ MP-9 Str+3 Dex+7}
   (You acquired it on level 2 of the Dungeon)

   Str+3:     It affects your strength (+3).
   Dex+7:     It affects your dexterity (+7).
   MP-9:      It affects your magic capacity (-9).
   Regen+:    It increases your rate of health regeneration.
 e - a +2 robe of fire resistance (worn)
Wands
 a - a wand of paralysis (17)
Scrolls
 b - 3 scrolls of identify
 d - a scroll of teleportation
Potions
 f - a potion of heal wounds
 g - a potion of mutation
 i - a potion of might
 j - a potion of enlightenment
 k - a potion of curing

Dungeon Overview and Level Annotations

Branches:
Dungeon (8/15)             Temple (1/1) D:5
   Lair: D:8-11

Altars:
Ashenzari
Cheibriados
Dithmenos
Elyvilon
Fedhas
Gozag
Hepliaklqana
Kikubaaqudgha
Makhleb
Qazlal
Ru
Sif Muna
Trog
Uskayaw
Vehumet
Wu Jian
Xom
Yredelemnul
Zin
The Shining One

Shops:
D:3 =?((

Annotations:
D:3 2 transporters, 1 runed translucent door, Crazy Yiuf
D:4 1 runed translucent door, qw's ghost, amateur GrHu


Message History

The centaur shoots an arrow.
The arrow closely misses you.
An orc wizard comes into view. It is wielding a +0 dagger.
The centaur shoots an arrow.
The arrow completely misses you.
The white imp shouts!
You shoot an arrow. The orc wizard shouts!
The arrow hits the white imp.
The white imp is lightly wounded.
The centaur shoots an arrow.
The arrow completely misses you.
The centaur shoots an arrow.
The arrow completely misses you.
You shoot an arrow. The arrow hits the white imp.
The white imp is severely wounded.
The centaur shoots an arrow.
The arrow completely misses you. The white imp gestures at you.
The puff of frost hits you.
The centaur shoots an arrow.
The arrow completely misses you.
An orc wizard comes into view. It is wielding a +0 dagger.
You shoot an arrow. The arrow hits the white imp!
You kill the white imp!
The centaur shoots an arrow.
The arrow hits you!
The centaur shoots an arrow.
The arrow closely misses you.
5583 ||| STAIRDANCE The centaur shoots an arrow.
The arrow closely misses you.
The centaur shoots an arrow.
The arrow completely misses you.
You climb upwards.
There is a stone staircase leading down here.
You start resting.
HP restored.
You climb downwards.
The centaur shoots an arrow.
The arrow hits you.
The electric eel shoots out a bolt of lightning at you!
The bolt of electricity hits you.
The orc wizard gestures at you while chanting.
You resist with almost no effort.
The centaur shoots an arrow.
The arrow hits you!
There is a stone staircase leading up, spattered with blood here.
5597 ||| STAIRDANCE The centaur shoots an arrow.
The arrow hits you!
The electric eel shoots out a bolt of lightning at you!
The bolt of electricity hits you!
You die...

...###.#.#
.......#.#
#........#
#.....>...
#.......
######.....#
...........#
#..@...#
#.......o......
#####.....o...#
+........[#
#.........#
#...c.....#
#.........#
#....S.....


You could see a centaur, an electric eel and 2 orc wizards.

Vanquished Creatures
  Sigmund (D:4)
  2 orc warriors (D:7)
  A black bear (D:5)
  An ogre (D:7)
  A phantom (D:5)
  3 bullfrogs (D:7)
  2 scorpions
  A howler monkey (D:6)
  A crimson imp (D:7)
  4 hounds
  4 jellies
  2 orc priests
  2 gnoll boudas (D:6)
  3 iguanas
  Jessica (D:2)
  6 orc wizards
  9 gnolls (D:6)
  7 adders
  A shadow imp (D:6)
  2 white imps
  2 ufetubi (D:7)
  2 dart slugs
  2 ribbon worms (D:2)
  27 orcs
  9 ball pythons
  4 endoplasms
  3 giant cockroaches
  9 goblins
  8 hobgoblins
  6 jackals
  3 kobolds
  4 quokkas
  9 bats
  5 frilled lizards
  7 rats
154 creatures vanquished.

Notes
Turn   | Place    | Note
-------+----------+-------------------------------------------
     0 | D:1      | qw the Spriggan Hunter began the quest for the Orb.
     0 | D:1      | Reached XP level 1. HP: 10/10 MP: 2/2
     0 | D:1      | 0 ||| qw: Version: 0.3-a-155-g5e7d8dd
     0 | D:1      | 0 ||| qw: Game counter: 550
     0 | D:1      | 0 ||| qw: Melee chars always use a shield: true
     0 | D:1      | 0 ||| qw: God list: Okawaru
     0 | D:1      | 0 ||| qw: Allow faded altars: false
     0 | D:1      | 0 ||| qw: Do Orc after clearing Dungeon:15 true
     0 | D:1      | 0 ||| qw: Do second Lair branch before Depths: true
     0 | D:1      | 0 ||| qw: Lair rune preference: random
     0 | D:1      | 0 ||| qw: Goals: Normal
     0 | D:1      | 0 ||| PLANNING D:1-11
    50 | D:1      | Reached skill level 3 in Dodging
    96 | D:1      | Reached XP level 2. HP: 14/14 MP: 3/3
   120 | D:1      | Reached skill level 4 in Dodging
   379 | D:1      | Reached XP level 3. HP: 18/18 MP: 4/4
   483 | D:1      | Found a faded altar of an unknown god.
   824 | D:1      | 824 ||| READING scroll labelled SAHEEWOSEC.
   925 | D:1      | 925 ||| READING scroll labelled DITOSHUWNE.
   926 | D:1      | 926 ||| DROPPING scroll of butterflies.
  1024 | D:2      | Noticed Jessica
  1041 | D:2      | Killed Jessica
  1042 | D:2      | Reached XP level 4. HP: 20/22 MP: 5/5
  1438 | D:2      | 1438 ||| UPGRADING to +2 robe of fire resistance.
  1448 | D:2      | 1448 ||| DROPPING +0 robe.
  1449 | D:2      | 1449 ||| READING 3 scrolls labelled LYRHIN OMEHY.
  1449 | D:2      | 1449 ||| IDENTIFYING pink potion
  1450 | D:2      | 1450 ||| READING 2 scrolls of identify.
  1450 | D:2      | 1450 ||| IDENTIFYING coppery potion
  1451 | D:2      | 1451 ||| READING scroll of identify.
  1451 | D:2      | 1451 ||| IDENTIFYING scroll labelled QEGEPOESCHO
  1451 | D:2      | Identified a scroll of acquirement
  1452 | D:2      | 1452 ||| READING scroll of acquirement.
  1452 | D:2      | 1452 ||| ACQUIRING +0 hat "Buhaopru" {Regen+ MP-9 Str+3
                  | Dex+7}
  1452 | D:2      | Acquired the +0 hat "Buhaopru" {Regen+ MP-9 Str+3 Dex+7}
  1454 | D:2      | 1454 ||| UPGRADING to +0 hat "Buhaopru" {Regen+ MP-9 Str+3
                  | Dex+7}.
  1459 | D:2      | 1459 ||| READING scroll labelled ATHA KA RIH.
  1459 | D:2      | 1459 ||| ENCHANTING +0 shortbow.
  1460 | D:2      | 1460 ||| READING scroll labelled PUTHRU YCVOL.
  1461 | D:2      | 1461 ||| DROPPING potion of attraction.
  1487 | D:3      | Found Nyhupp's Jewellery Emporium.
  1499 | D:3      | 1499 ||| SHOPLISTING +6 ring of dexterity (360 gold, have
                  | 176).
  1499 | D:3      | 1499 ||| SHOPLISTING amulet of regeneration (300 gold, have
                  | 176).
  1499 | D:3      | 1499 ||| SHOPLISTING ring of poison resistance (200 gold,
                  | have 176).
  1499 | D:3      | 1499 ||| SHOPLISTING ring of positive energy (200 gold,
                  | have 176).
  1499 | D:3      | 1499 ||| SHOPLISTING ring of resist corrosion (200 gold,
                  | have 176).
  1499 | D:3      | 1499 ||| SHOPLISTING ring of willpower (250 gold, have
                  | 176).
  1521 | D:3      | Found Ykkack's Antique Weapon Shop.
  1606 | D:3      | Reached skill level 5 in Dodging
  1611 | D:3      | You fall into a shaft and drop 3 floors!
  1631 | D:6      | Reached XP level 5. HP: 25/25 MP: 0/6
  1663 | D:6      | Reached skill level 6 in Dodging
  1691 | D:6      | Reached XP level 6. HP: 28/30 MP: 0/7
  1755 | D:6      | Reached skill level 7 in Dodging
  1782 | D:6      | Found a broken altar of Ashenzari.
  1883 | D:6      | Reached skill level 6 in Ranged Weapons
  2043 | D:6      | Reached skill level 8 in Dodging
  2043 | D:6      | Reached XP level 7. HP: 35/35 MP: 0/8
  2098 | D:5      | Entered Level 5 of the Dungeon
  2231 | D:4      | 2231 ||| READING scroll of identify.
  2231 | D:4      | 2231 ||| IDENTIFYING scroll labelled OCWUTE MIUCAA
  2259 | D:3      | HP: 5/35 [orc priest/nerve-wracking pain (5)]
  2260 | D:3      | 2260 ||| READING scroll of teleportation.
  2261 | D:3      | 2261 ||| DRINKING 2 potions of heal wounds.
  2263 | D:3      | 2263 ||| FLEEEEING.
  2264 | D:3      | 2264 ||| FLEEEEING.
  2264 | D:3      | Found a transporter.
  2265 | D:3      | 2265 ||| FLEEEEING.
  2266 | D:3      | 2266 ||| FLEEEEING.
  2267 | D:3      | 2267 ||| FLEEEEING.
  2268 | D:3      | 2268 ||| FLEEEEING.
  2269 | D:3      | 2269 ||| FLEEEEING.
  2270 | D:3      | 2270 ||| FLEEEEING.
  2282 | D:3      | Found Zauga's Magic Scroll Emporium.
  2292 | D:3      | 2292 ||| BUYING scroll of identify (24 gold).
  2292 | D:3      | Bought a scroll of identify for 24 gold pieces
  2292 | D:3      | 2292 ||| BUYING scroll of identify (24 gold).
  2292 | D:3      | Bought a scroll of identify for 24 gold pieces
  2292 | D:3      | 2292 ||| BUYING scroll of identify (24 gold).
  2292 | D:3      | Bought a scroll of identify for 24 gold pieces
  2460 | D:3      | Found a transporter.
  2470 | D:3      | Identified the +6 halberd "Kegg" {venom, Will- Str+3
                  | Stlth+}
  2538 | D:3      | Found a hide-covered altar of Uskayaw.
  2563 | D:3      | Found Ihaomm's Weapon Shop.
  2677 | D:3      | Found a runed translucent door.
  2678 | D:3      | Noticed Crazy Yiuf
  2797 | D:4      | 2797 ||| SWAPPING to +2 heavy shortbow.
  2798 | D:4      | 2798 ||| DROPPING +1 shortbow.
  2845 | D:4      | Found a runed translucent door.
  2845 | D:4      | Noticed qw's ghost (amateur GrHu)
  2869 | D:4      | Noticed Sigmund
  2870 | D:4      | 2870 ||| ZAPPING wand of paralysis (5) at 6,-5 (Sigmund;
                  | floor).
  2872 | D:4      | 2872 ||| ZAPPING wand of paralysis (4) at 4,-4 (Sigmund;
                  | floor).
  2876 | D:4      | Killed Sigmund
  3427 | D:4      | 3427 ||| READING 5 scrolls of identify.
  3427 | D:4      | 3427 ||| IDENTIFYING fuming pink potion
  3428 | D:4      | 3428 ||| READING 4 scrolls of identify.
  3428 | D:4      | 3428 ||| IDENTIFYING orange potion
  3429 | D:4      | 3429 ||| READING 3 scrolls of identify.
  3429 | D:4      | 3429 ||| IDENTIFYING 2 scrolls labelled GUWORU LOMY
  3430 | D:4      | 3430 ||| DROPPING 2 scrolls of immolation.
  3488 | D:5      | Found a staircase to the Ecumenical Temple.
  3489 | D:5      | 3489 ||| PLANNING TEMPLE
  3498 | Temple   | Entered the Ecumenical Temple
  3499 | Temple   | 3499 ||| PLANNING D:1-11
  3656 | D:5      | Reached skill level 9 in Dodging
  3656 | D:5      | Reached XP level 8. HP: 39/39 MP: 0/9
  3747 | D:5      | Found a hazy altar of Hepliaklqana.
  4407 | D:5      | 4407 ||| READING 4 scrolls of identify.
  4407 | D:5      | 4407 ||| IDENTIFYING ruby potion
  4408 | D:5      | 4408 ||| READING 3 scrolls of identify.
  4408 | D:5      | 4408 ||| IDENTIFYING scroll labelled LAINOOLLUA
  4409 | D:5      | 4409 ||| DROPPING scroll of amnesia.
  4947 | D:7      | Found a radiant altar of Vehumet.
  4980 | D:7      | Reached skill level 3 in Fighting
  4989 | D:7      | Found a white marble altar of Elyvilon.
  5060 | D:7      | 5060 ||| FLEEEEING.
  5061 | D:7      | 5061 ||| FLEEEEING.
  5110 | D:7      | Reached skill level 10 in Dodging
  5350 | D:7      | Reached skill level 9 in Ranged Weapons
  5551 | D:7      | 5551 ||| READING 4 scrolls of identify.
  5551 | D:7      | 5551 ||| IDENTIFYING grey potion
  5583 | D:8      | 5583 ||| STAIRDANCE
  5597 | D:8      | 5597 ||| STAIRDANCE
  5597 | D:8      | Killed from afar by an electric eel

Levels and vault maps discovered:
D:1:      matt_arrival_refuge, layout_rooms, serial_bayou, serial_bayou_pond_b,
          serial_bayou_crossing, serial_bayou_lagoon_a, serial_bayou_lake_a,
          serial_bayou_pond_b, shapermc_ecumenical_altar_gd
D:2:      layout_rooms, uniq_jessica
D:3:      minmay_evil_eye, layout_rooms, nicolae_uskayaw_suspiria, serial_shops,
          nicolae_shop_overgrown_old_shop, nicolae_shop_back_alley_shop, shop,
          shop, gammafunk_ghost_gnarly_gnolls, uniq_crazy_yiuf_cottage
D:4:      layout_cave_pods, hellmonk_ghost_happy_afterlife,
          hangedman_abyss_or_decor_stagger, uniq_sigmund
D:5:      layout_basic, worldfamousw_hep_ancestral_shrine,
          minmay_temple_entry_poolview
D:6:      layout_basic, cheibrodos_ashenzari_chains
D:7:      layout_rooms, mainiacjoe_overflow_catwalk, old_standard_altar,
          minmay_misc_feat_enclosed, serial_library_hellmonk_filled_rooms,
          minmay_fire_ice_demons
D:8:      lemuel_insect_pit, layout_basic, marbit_many_paths,
          old_standard_altar, serial_rivers, chequers_serial_rivers_micro_c,
          chequers_serial_rivers_micro_d, chequers_serial_rivers_large_b,
          chequers_serial_rivers_micro_b, chequers_serial_rivers_micro_d,
          uniq_gastronok
Temple:   minmay_freezing_vapour_temple

Skill      XL: |  1  2  3  4  5  6  7  8 |
---------------+-------------------------+-----
Dodging        | 3 4 5 6 8 9 10 | 10.2
Ranged Weapons | 5 6 7 9 |  9.1
Fighting       | 2 3 |  3.2
Stealth        | |  1.5

Action                     |  1- 3 |  4- 6 |  7- 9 || total
---------------------------+-------+-------+-------++-------
   Fire: Shortbow          |   122 |   150 |   202 ||   474
  Evoke: Wand              |       |       |     2 ||     2
    Use: Scroll            |     2 |     6 |     8 ||    16
         Potion            |       |       |     1 ||     1
 Armour: Robe              |    13 |    20 |    23 ||    56
  Dodge: Dodged            |    58 |    56 |    87 ||   201

Table legend:
 A = Non-vault XP
 B = Vault XP
 C = Vault XP percentage of total XP
 D = Non-vault monster count
 E = Vault monster count
 F = Vault count percentage of total count
                 A         B        C        D         E       F
            +---------+---------+-------+---------+---------+-------
      Total |    2376 |     355 |  13.0 |     140 |      14 |   9.1
            +---------+---------+-------+---------+---------+-------
        D:1 |      42 |      15 |  26.3 |      27 |       7 |  20.6
        D:2 |      47 |      37 |  44.0 |      11 |       1 |   8.3
        D:3 |     129 |       6 |   4.4 |      28 |       3 |   9.7
        D:4 |      84 |     239 |  74.0 |      13 |       1 |   7.1
        D:5 |     357 |       0 |   0.0 |       8 |       0 |   0.0
        D:6 |     679 |       0 |   0.0 |      25 |       0 |   0.0
        D:7 |    1028 |      58 |   5.3 |      27 |       2 |   6.9
        D:8 |      10 |       0 |   0.0 |       1 |       0 |   0.0
            +---------+---------+-------+---------+---------+-------
